 Dungeon Crawl Stone Soup version 0.30-a0-618-gd6c86c23d0 (webtiles) character file.

Game seed: 3211618904574824002

79 tilp the Covered (level 4, -2/40 HPs)
             Began as a Meteoran Fighter on Jan 9, 2023.
             Slain by Pikel
             ... wielding a +0 whip of flaming
              (9 damage)
             ... on level 6 of the Dungeon.
             The game lasted 00:02:09 (382 turns).

tilp the Covered (Meteoran Fighter)                  Turns: 382, Time: 00:02:09

Health: -2/40      AC:  7    Str: 17    XL:     4   Next: 94%
Magic:  5/5        EV: 10    Int:  9    God:
Gold:   10         SH:  5    Dex: 16    Spells: 3/3 levels left

rFire   . . .      SeeInvis .    a - +0 long sword
rCold   . . .      Faith    .    c - +0 buckler
rNeg    . . .      Spirit   .    h - +0 scale mail
rPois   .          Reflect  .    (no helmet)
rElec   .          Harm     .    (no cloak)
rCorr   .          Rampage  .    (no gloves)
Will    .....                    (no boots) Stlth
                                 (no amulet)
HPRegen 0.26/turn                (no ring)
MPRegen 0.09/turn                (no ring)

@: mighty, glowing
A: sense surroundings 1, otherworldly, glowing, explore regen
a: no special abilities


You were on level 6 of the Dungeon.
You visited 1 branch of the dungeon, and saw 5 of its levels.

You collected 10 gold pieces.

Inventory:

Hand Weapons
 a - a +0 long sword (weapon)
 b - a +0 short sword of holy wrath
Missiles
 e - 11 stones (quivered)
 g - 5 javelins
 l - 3 boomerangs
Armour
 c - a +0 buckler (worn)
 h - a +0 scale mail (worn)
 j - a +0 helmet
Scrolls
 i - a scroll of silence {unknown}
 k - a scroll of fear {unknown}
Potions
 f - a potion of degeneration {unknown}


   Skills:
 + Level 3.7 Fighting
 + Level 3.0 Long Blades
 - Level 4.0 Armour
 * Level 2.4 Dodging
 + Level 1.0 Stealth
 - Level 4.0 Shields


You had 3 spell levels left.
You didn't know any spells.
Your spell library was empty.

Dungeon Overview and Level Annotations

Branches:
Dungeon (6/15) Zot: 2582
 Temple: D:4-7

Altars:

Annotations:
D:6 Pikel


Innate Abilities, Weirdness & Mutations

You passively map a small area around you.
You are easily found by Zot.
You glow in the dark.
You regain HP and MP as you explore.


Message History

Pikel hits you with a +0 whip of flaming.
Pikel burns you.
You slash Pikel!
Pikel is severely wounded.
The lemure hits you. Pikel barely misses you.
You hit Pikel but do no damage.
Pikel is severely wounded.
The lemure hits you.
* * * LOW HITPOINT WARNING * * *
Pikel hits you but does no damage.
You closely miss Pikel.
Pikel is severely wounded.
The lemure hits you but does no damage. Pikel hits you but does no damage.
The lemure hits you but does no damage. Pikel hits you but does no damage.
You barely miss Pikel.
Pikel is severely wounded.
The lemure hits you.
* * * LOW HITPOINT WARNING * * *
Pikel barely misses you.
You hit Pikel but do no damage.
Pikel is severely wounded.
You block the lemure's attack. Pikel closely misses you.
You slash Pikel!
Pikel is almost dead.
You block the lemure's attack.
Pikel hits you with a +0 whip of flaming.
* * * LOW HITPOINT WARNING * * *
Pikel burns you.
* * * LOW HITPOINT WARNING * * *
The lemure hits you.
* * * LOW HITPOINT WARNING * * *
You block Pikel's attack.
You hit Pikel.
Pikel is almost dead.
You block the lemure's attack. Pikel barely misses you.
You closely miss Pikel.
Pikel is almost dead.
The lemure hits you but does no damage.
Pikel hits you with a +0 whip of flaming!
You die...

* ## ### * < , ## ..
..# ... #. ... * ,
...##.##.## , * ###
........., * , * , ..#
#.#...#.# *#.#
#.#..5#5# * , , *#.#
#....5K@# * . #.#
###..5### #. *#.# #...#
* .#..##.# #.5.##### *
* .......#####.........
*
....(......).........,*
...#................# *
, ..:..............>$..
* ..#.#.#####.....####.
,


You could see Pikel and 4 lemures.

Vanquished Creatures
  An orc wizard (D:3)
  3 adders (D:3)
  4 orcs
  2 ball pythons (D:2)
  A giant cockroach (D:2)
  A goblin (D:1)
  A hobgoblin (D:1)
  4 jackals (D:3)
  A frilled lizard (D:1)
  3 kobolds
  2 rats
23 creatures vanquished.

Notes
Turn   | Place    | Note
-------+----------+-------------------------------------------
     0 | D:1      | tilp the Meteoran Fighter began the quest for the Orb.
     0 | D:1      | Reached XP level 1. HP: 19/19 MP: 2/2
    96 | D:1      | Reached XP level 2. HP: 26/26 MP: 3/3
   163 | D:3      | Reached skill level 1 in Dodging
   180 | D:3      | Reached XP level 3. HP: 31/31 MP: 4/4
   233 | D:3      | Reached XP level 4. HP: 15/38 MP: 5/5
   310 | D:3      | Reached skill level 1 in Stealth
   332 | D:4      | You fall into a shaft and drop 2 floors!
   353 | D:6      | Noticed Pikel
   358 | D:6      | Noticed a lemure
   358 | D:6      | Noticed a lemure
   358 | D:6      | Noticed a lemure
   358 | D:6      | Noticed a lemure
   382 | D:6      | Slain by Pikel

Illustrated notes

Levels and vault maps discovered:
D:1:      elethiomel_arrival_infinity_welcomes_careful_drivers, layout_basic
D:2:      layout_basic, serial_shops, shop
D:3:      layout_loops_corners, hellmonk_ecumenical_altar_crossroads
D:4:      layout_rooms, serial_shops, nicolae_shop_trees, portal_sewer_entry_f
D:6:      layout_loops_cross, ebering_ghost_disaster_area, uniq_pikel

Skill      XL: |  1  2  3  4 |
---------------+-------------+-----
Dodging        | 1 2 |  2.4
Armour         | 4 |  4.0
Long Blades    | 3 |  3.0
Stealth        | 1 |  1.0
Shields        | 4 |  4.0
Fighting       | |  3.7

Action                   |  1- 3 |  4- 6 || total
-------------------------+-------+-------++-------
Melee: Long sword        |    67 |    46 ||   113
Throw: Javelin           |       |     1 ||     1
  Use: Potion            |       |     1 ||     1
Armor: Scale mail        |    43 |    23 ||    66
Dodge: Dodged            |    26 |    20 ||    46
Block: Buckler           |    14 |    14 ||    28

Table legend: (Time is in decaauts)
 A = Elapsed time spent in this place.
 B = Non-inter-level travel time spent in this place.
 C = Inter-level travel time spent in this place.
 D = Time resting spent in this place.
 E = Time spent auto-exploring this place.
 F = Levels seen in this place.
 G = Mean time per level.
                   A        B        C        D        E       F      G
               +--------+--------+--------+--------+--------+-----+--------+
         Total |    416 |    402 |     14 |      0 |      0 |   5 |   83.2 |
       Dungeon |    416 |    402 |     14 |      0 |      0 |   5 |   83.2 |
               +--------+--------+--------+--------+--------+-----+--------+

Top non-repeatable levels by time:
     D:3: 176 daAuts
     D:1: 112 daAuts
     D:2: 70 daAuts
     D:6: 56 daAuts
     D:4: 1 daAuts
